 Dungeon Crawl Stone Soup version 0.24.0-13-gcf9b3192b9 (webtiles) character file.

Game seed: 4731765475020990809, levelgen mode: deterministic

805 Majang the Digger (level 7, -1/40 HPs)
             Began as a Gargoyle Earth Elementalist on Nov 7, 2019.
             Was an Initiate of Vehumet.
             Slain by an orc warrior
             ... wielding a +0 trident
              (18 damage)
             ... on level 6 of the Dungeon.
             The game lasted 00:28:09 (6251 turns).

Majang the Digger (Gargoyle Earth Elementalist)     Turns: 6251, Time: 00:28:10

Health: -1/40      AC:  7    Str: 12    XL:     7   Next: 91%
Magic:  1/15       EV: 12    Int: 17    God:    Vehumet [......]
Gold:   246        SH:  0    Dex: 10    Spells: 7/16 levels left

rFire    . . .     SeeInvis .   b - +2 flail (holy)
rCold    . . .     Gourm    +   (no shield)
rNeg     + + .     Faith    .   c - +0 robe
rPois    ∞         Spirit   .   (no helmet)
rElec    +         Reflect  .   (no cloak)
rCorr    .         Harm     .   (no gloves)
MR       .....     Clarity  +   y - +0 pair of boots
Stlth    ++........             n - amulet of the gourmand
HPRegen  0.13/turn              (no ring)
MPRegen  0.14/turn              l - ring of positive energy

@: no status effects
A: clarity, negative energy resistance 1, electricity resistance, wild magic 1,
unbreathing, petrification resistance, rot immunity, AC +4
a: Renounce Religion


You were on level 6 of the Dungeon.
You worshipped Vehumet.
Vehumet was noncommittal.
You were very full.

You visited 2 branches of the dungeon, and saw 7 of its levels.
You also visited: Sewer.

You collected 246 gold pieces.

Inventory:

Hand Weapons
 a - a +1 whip
 b - a +2 flail of holy wrath (weapon)
Missiles
 p - 49 stones (quivered)
Armour
 c - a +0 robe (worn)
 y - a +0 pair of boots (worn)
 z - a +0 buckler
Jewellery
 i - an uncursed amulet of magic regeneration {unknown}
 l - a ring of positive energy (right hand)
 n - an amulet of the gourmand (around neck)
 o - an uncursed ring of fire
Scrolls
 g - a scroll of identify
 j - a scroll of remove curse
 q - a scroll of blinking
 r - 5 scrolls of teleportation
 t - a scroll of amnesia
 x - 3 scrolls of magic mapping
Potions
 e - 5 potions of heal wounds
 f - a potion of mutation
 h - 3 potions of flight {unknown}
 m - a potion of haste
 s - 2 potions of agility {unknown}
 u - a potion of curing
 w - a potion of might {unknown}
Comestibles
 d - 8 rations


   Skills:
 + Level 2.0 Fighting
 + Level 1.7 Maces & Flails
 + Level 2.4 Dodging
 - Level 2.1 Stealth
 + Level 1.4 Shields
 * Level 5.4 Spellcasting
 + Level 3.2 Conjurations
   Level 0.7 Transmutations
 + Level 5.7 Earth Magic


You had 7 spell levels left.
You knew the following spells:

 Your Spells              Type           Power        Failure   Level  Hunger
a - Sandblast             Erth           ####..       2%          1    None
b - Stone Arrow           Conj/Erth      ####..       10%         3    ##.....
l - Lee's Rapid Deconstr  Erth           ####......   43%         5    ######.

Your spell library contained the following spells:

 Spells                   Type           Power        Failure   Level  Hunger
 Passwall                 Tmut/Erth      ###.....     9%          2    #......
 Petrify                  Tmut/Erth      ###.....     43%         4    ####...


Dungeon Overview and Level Annotations

Branches:
Dungeon (6/15)             Temple (1/1) D:5           Sewer (visited)

Altars:
Ashenzari
Cheibriados
Dithmenos
Fedhas
Gozag
Hepliaklqana
Kikubaaqudgha
Makhleb
Nemelex Xobeh
Okawaru
Qazlal
Ru
Sif Muna
Trog
Uskayaw
Vehumet
Wu Jian
Xom
Yredelemnul
Zin
The Shining One

Annotations:
D:3 exclusion: oklob plant, Grinder


Innate Abilities, Weirdness & Mutations

You are resistant to torment.
Your stone body is resilient. (AC +4)
You are immune to poison.
You resist negative energy. (rN+)
You are resistant to electric shocks. (rElec)
You can survive without breathing.
You are immune to petrification.
You are immune to rotting.
You possess an exceptional clarity of mind.
Your spells are a little harder to cast, but a little more powerful.


Message History

Casting: Sandblast (safe; 2% risk of failure)
Confirm with . or Enter, or press ? or * to list all spells.
Aiming: Sandblast (safe; 2% risk of failure)
Press: ? - help, Shift-Dir - straight line, f/p - orc warrior
Aim: an orc warrior, wielding a +0 trident and wearing a +0 plate armour (almost dead)
The blast of sand hits the orc warrior.
The orc warrior is almost dead.
p - 50 stones The orc warrior hits you but does no damage.
Casting: Sandblast (safe; 2% risk of failure)
Confirm with . or Enter, or press ? or * to list all spells.
Aiming: Sandblast (safe; 2% risk of failure)
Press: ? - help, Shift-Dir - straight line, f/p - orc warrior
Aim: an orc warrior, wielding a +0 trident and wearing a +0 plate armour (almost dead)
The blast of sand misses the orc warrior.
The blast of sand hits the orc wizard.
The orc wizard is moderately wounded.
p - 49 stones The orc warrior hits you from afar with a +0 trident!!
You die...

...... ....#
...J.)###.#####
#.o.......#
....†.###)##.##
..#... #.##.#
##..# #o##.# ...#
#.##.#
#####.###.##.#####
..........o..oo.@#
.####.###.##.#####
......###.##.#
...........#.#
......######.#
.####.# #.# .# #.#
#.# .# #.# #.# ##
#.# #.#


You could see an orc warrior, an orc wizard and an orc.

Vanquished Creatures
  A centaur (D:5)
  A big kobold (Sewer)
  A crimson imp (D:5)
  2 orc priests
  A hound (D:5)
  A bullfrog skeleton (D:5)
  3 iguanas
  2 orc wizards
  A worker ant (D:5)
  10 gnolls
  5 adders
  5 river rats
  A shadow imp (D:5)
  2 adder skeletons
  An adder zombie (D:5)
  6 worms
  A dart slug (D:5)
  10 leopard geckos
  14 orcs
  4 giant cockroaches
  13 goblins
  3 hobgoblins
  11 jackals
  12 kobolds
  3 quokkas
  8 bats
  5 frilled lizards
  10 rats
  2 butterflies (D:5)
139 creatures vanquished.

Notes
Turn   | Place    | Note
-------+----------+-------------------------------------------
     0 | D:1      | Majang the Gargoyle Earth Elementalist began the quest for
                  | the Orb.
     0 | D:1      | Reached XP level 1. HP: 10/10 MP: 3/3
   180 | D:1      | Reached XP level 2. HP: 12/15 MP: 5/5
   842 | D:2      | Reached XP level 3. HP: 1/19 MP: 0/7
  1191 | D:1      | Reached XP level 4. HP: 16/24 MP: 7/9
  1199 | D:1      | Learned a level 3 spell: Stone Arrow
  1489 | D:2      | Found a shimmering blue altar of Sif Muna.
  2566 | D:3      | Reached skill level 1 in Conjurations
  2566 | D:3      | Reached XP level 5. HP: 28/28 MP: 7/10
  2987 | D:3      | Reached skill level 5 in Earth Magic
  3091 | D:3      | Found a glowing drain.
  3095 | Sewer    | Entered a sewer
  3109 | Sewer    | HP: 1/28 [river rat (6)]
  3113 | Sewer    | Gained mutation: You are clumsy. (Dex -2) [potion of
                  | mutation]
  3113 | Sewer    | Lost mutation: You are clumsy. (Dex -2) [potion of
                  | mutation]
  3113 | Sewer    | Gained mutation: You possess an exceptional clarity of
                  | mind. [potion of mutation]
  3113 | Sewer    | Gained mutation: Your spells are a little harder to cast,
                  | but a little more powerful. [potion of mutation]
  3115 | Sewer    | Reached XP level 6. HP: 31/32 MP: 3/12
  3348 | Sewer    | Found a white marble altar of Elyvilon.
  3697 | D:3      | Found a blossoming altar of Fedhas.
  3697 | D:3      | Found a basalt altar of Yredelemnul.
  3704 | D:3      | Found a burning altar of Makhleb.
  3706 | D:3      | Found a shadowy altar of Dithmenos.
  3708 | D:3      | Found an opulent altar of Gozag.
  3766 | D:3      | Learned a level 5 spell: Lee's Rapid Deconstruction
  3940 | D:3      | Found a blossoming altar of Fedhas.
  3953 | D:3      | Noticed an oklob plant
  3985 | D:3      | Noticed Grinder
  4470 | D:4      | Reached skill level 1 in Fighting
  4521 | D:4      | Reached skill level 1 in Maces & Flails
  4657 | D:4      | Reached XP level 7. HP: 36/38 MP: 14/14
  5091 | D:5      | Entered Level 5 of the Dungeon
  5099 | D:5      | Reached skill level 5 in Spellcasting
  5569 | D:5      | Reached skill level 1 in Shields
  5765 | D:5      | Found a staircase to the Ecumenical Temple.
  5772 | Temple   | Entered the Ecumenical Temple
  5824 | Temple   | Became a worshipper of Vehumet
  6251 | D:6      | Slain by an orc warrior

Levels and vault maps discovered:
D:1:      evilmike_arrival_crescent, layout_basic
D:2:      layout_basic, lemuel_crystal_altar, first_ration
D:3:      layout_rooms, chequers_temple_overflow_minitemple,
          gup_sewer_entry_spiral, tgw_fedhas, uniq_grinder
D:4:      layout_cave_pools
D:5:      layout_basic, minmay_temple_entry_butterflies
D:6:      layout_basic, basic_altar, minivault_19
Temple:   eino_temple_scatter_basement

Skill      XL: |  1  2  3  4  5  6  7 |
---------------+----------------------+-----
Earth Magic    | 4 5 |  5.7
Spellcasting   | 3 4 5 |  5.4
Conjurations   | 1 2 3 |  3.2
Fighting       | 1 2 |  2.0
Dodging        | 2 |  2.4
Maces & Flails | 1 |  1.7
Shields        | 1 |  1.4
Stealth        | |  2.1
Transmutations | |  0.7

Action                   |  1- 3 |  4- 6 |  7- 9 || total
-------------------------+-------+-------+-------++-------
Melee: Mace              |    55 |   179 |       ||   234
       Whip              |       |     4 |     9 ||    13
       Flail             |       |       |    40 ||    40
 Cast: Sandblast         |    17 |    82 |    25 ||   124
       Stone Arrow       |       |    20 |    18 ||    38
  Use: Scroll            |     2 |    12 |       ||    14
       Potion            |       |     5 |       ||     5
 Stab: Sleeping          |     4 |     2 |       ||     6
  Eat: Chunk             |     1 |    10 |    22 ||    33
       Ration            |       |     1 |       ||     1
Armor: Robe              |    29 |   116 |    24 ||   169
Dodge: Dodged            |    39 |   177 |    36 ||   252
